Map: [ESL] Goldenaura

Players

NiCe

  • Race: Protoss Protoss
  • League: Master
  • Spawn Location: 5:00

cyan - Winner!

  • Race: Protoss Protoss
  • League: Master
  • Spawn Location: 12:00

VOD

Have the link to the VOD?

Description

Time

  • Played on: Dec. 28, 2023, 11:41 a.m.
  • Length: 11:54
Show
View Real Time Build Order
Export as new Build Order

NiCe Protoss 

Build Orders:  

Get SALT Encoding   

  12  0:00  Probe  
  13  0:12  Probe  
  14  0:17  Pylon  
  14  0:24  Probe (Chrono Boost)  
  16  0:36  Probe (Chrono Boost)  
  16  0:38  Gateway  
  16  0:41  Probe  
  16  0:47  Assimilator  
  17  0:53  Probe  
  18  0:58  Assimilator  
  18  1:05  Probe (Chrono Boost)  
  18  1:09  Gateway  
  19  1:15  Probe (Chrono Boost)  
  20  1:20  Probe (Chrono Boost)  
  21  1:25  Cybernetics Core  
  21  1:32  Probe  
  22  1:37  Pylon  
  22  1:44  Probe  
  23  1:56  Probe  
  24  2:02  Stalker x2  
  24  2:03  Warp Gate  
  24  2:08  Probe  
  29  2:14  Pylon  
  32  2:38  Stalker x2  
  32  2:43  Probe  
  33  2:50  Pylon  
  33  2:55  Probe  
  34  3:01  Shield Battery  
  34  3:08  Probe (Chrono Boost)  
  34  3:11  Sentry x2  
  39  3:16  Pylon  
  40  3:20  Probe (Chrono Boost)  
  40  3:25  Probe (Chrono Boost)  
  41  3:27  Twilight Council  
  41  3:32  Shield Battery  
  40  3:49  Probe (Chrono Boost)  
  41  3:59  Nexus  
  41  4:01  Blink (Chrono Boost), Probe (Chrono Boost)  
  42  4:07  Probe (Chrono Boost)  
  43  4:15  Forge, Probe (Chrono Boost)  
  44  4:24  Stalker, Sentry  
  44  4:28  Probe (Chrono Boost)  
  49  4:32  Probe (Chrono Boost)  
  50  4:41  Gateway  
  50  4:43  Probe  
  51  4:49  Protoss Ground Weapons Level 1 (Chrono Boost)  
  51  4:55  Probe  
  51  4:56  Robotics Facility  
  52  5:04  Shield Battery  
  52  5:08  Stalker  
  54  5:16  Pylon  
  54  5:19  Stalker  
  56  5:23  Probe  
  56  5:24  Probe  
  58  5:29  Assimilator  
  58  5:39  Stalker x2  
  62  5:45  Probe  
  62  5:48  Stalker  
  66  5:50  Probe  
  66  5:52  Observer  
  66  5:55  Pylon  
  67  5:57  Probe  
  67  6:03  Probe  
  69  6:07  Charge, Warp Prism (Chrono Boost)  
  69  6:10  Pylon  
  71  6:24  Probe  
  71  6:25  Nexus, Probe  
  73  6:33  Protoss Ground Weapons Level 2 (Chrono Boost)  
  73  6:36  Probe (Chrono Boost)  
  73  6:37  Stalker x2, Probe (Chrono Boost)  
  79  6:45  Stalker  
  81  6:49  Probe (Chrono Boost)  
  83  6:54  Probe (Chrono Boost)  
  83  6:57  Gateway, Probe (Chrono Boost)  
  83  7:01  Probe (Chrono Boost)  
  85  7:03  Adept x2  
  85  7:04  Probe  
  90  7:12  Probe  
  91  7:17  Probe  
  91  7:20  Gateway  
  92  7:23  Gateway  
  92  7:24  Templar Archives  
  92  7:27  Gateway  
  92  7:31  Gateway  
  92  7:38  Observer  
  92  7:39  Immortal (Chrono Boost)  
  94  7:48  Zealot x3  
  100  7:51  Zealot  
  100  7:54  Shield Battery  
  99  8:18  High Templar x2  
  99  8:19  Zealot x3  
  109  8:23  Pylon  
  109  8:24  Archon  
  109  8:25  Pylon  
  109  8:30  Photon Cannon  
  109  8:33  Photon Cannon  
  109  8:38  Pylon  
  109  8:43  Zealot x6  
  121  9:10  Protoss Ground Weapons Level 3 (Chrono Boost)  
  121  9:12  Zealot x3  
  121  9:13  Zealot x3, Pylon  
  121  9:14  Pylon  
  133  9:21  Pylon  
  133  9:35  High Templar  
  133  9:36  Zealot x6, High Templar  
  145  9:39  Pylon  
  145  9:40  Archon, Pylon  
  145  9:42  Pylon  
  145  9:59  High Templar  
  147  10:00  Zealot x4, High Templar  
  147  10:03  Gateway  
  147  10:05  Gateway, Archon  
  147  10:06  Pylon  
  157  10:15  Zealot x2  
  157  10:17  Pylon  
  157  10:19  Pylon  
  161  10:25  Zealot x4  
  169  10:33  Zealot x2  
  173  10:37  Zealot  
  173  10:38  Zealot  
  167  10:53  Zealot x6  
  162  11:10  Stalker x3  
  166  11:15  Zealot  
  166  11:17  Zealot x2  
Show
View Real Time Build Order
Export as new Build Order

cyan Protoss - Winner!

Build Orders: Archon Immortal 

Get SALT Encoding   

  12  0:00  Probe  
  13  0:12  Probe  
  14  0:17  Pylon  
  14  0:24  Probe (Chrono Boost)  
  15  0:36  Probe (Chrono Boost)  
  15  0:37  Gateway  
  16  0:44  Probe (Chrono Boost)  
  16  0:48  Assimilator  
  17  0:51  Probe  
  17  0:54  Assimilator  
  18  1:03  Probe (Chrono Boost)  
  19  1:08  Gateway  
  19  1:13  Probe (Chrono Boost)  
  19  1:18  Probe (Chrono Boost)  
  20  1:24  Cybernetics Core  
  21  1:29  Probe  
  22  1:34  Pylon  
  22  1:41  Probe  
  23  1:53  Probe  
  24  1:59  Warp Gate (Chrono Boost)  
  24  2:02  Adept x2  
  24  2:05  Probe  
  29  2:11  Pylon  
  29  2:18  Shield Battery  
  29  2:19  Probe  
  30  2:28  Pylon  
  30  2:32  Stalker  
  30  2:35  Stalker  
  34  3:00  Nexus  
  34  3:04  Sentry  
  36  3:11  Shield Battery  
  36  3:15  Probe  
  36  3:19  Pylon  
  37  3:27  Probe  
  37  3:30  Twilight Council  
  38  3:39  Probe  
  38  3:40  Stalker  
  41  3:41  Sentry  
  43  3:51  Probe  
  44  4:01  Blink (Chrono Boost)  
  44  4:06  Stalker  
  46  4:12  Stalker  
  46  4:13  Probe x2  
  50  4:26  Probe (Chrono Boost)  
  50  4:29  Probe (Chrono Boost)  
  52  4:38  Adept x2, Probe (Chrono Boost)  
  58  4:42  Probe (Chrono Boost)  
  58  4:43  Probe (Chrono Boost)  
  59  4:48  Pylon  
  59  4:50  Probe  
  59  4:52  Probe  
  61  5:01  Nexus  
  61  5:02  Probe  
  61  5:06  Pylon  
  62  5:07  Probe  
  64  5:14  Probe  
  64  5:15  Robotics Facility  
  64  5:20  Probe  
  65  5:22  Stalker  
  65  5:25  Stalker  
  65  5:26  Probe  
  70  5:29  Pylon  
  70  5:32  Probe  
  71  5:38  Probe  
  71  5:39  Forge  
  71  5:42  Assimilator  
  72  5:43  Shield Battery  
  72  5:44  Probe  
  73  5:50  Probe  
  73  5:51  Stalker x2  
  78  5:57  Gateway  
  78  5:59  Probe  
  80  6:05  Observer  
  80  6:06  Gateway  
  80  6:10  Gateway  
  80  6:13  Gateway  
  80  6:15  Probe  
  80  6:18  Probe  
  82  6:19  Probe  
  82  6:22  Protoss Ground Weapons Level 1 (Chrono Boost)  
  83  6:31  Warp Prism (Chrono Boost), Probe  
  83  6:32  Probe  
  77  6:37  Stalker  
  77  6:38  Stalker  
  83  6:40  Probe  
  83  6:43  Probe  
  83  6:44  Probe  
  86  6:52  Stalker, Probe, Pylon  
  89  6:54  Assimilator  
  89  6:55  Probe  
  90  7:02  Stalker x2  
  90  7:04  Stalker  
  90  7:06  Probe  
  97  7:09  Pylon  
  97  7:11  Probe  
  97  7:12  Pylon  
  98  7:17  Immortal (Chrono Boost)  
  98  7:20  Stalker x2  
  106  7:24  Pylon  
  106  7:30  Pylon  
  106  7:31  Stalker x2  
  109  7:40  Adept x2  
  113  7:49  Assimilator  
  113  7:53  Assimilator, Immortal (Chrono Boost)  
  113  7:54  Templar Archives  
  117  7:59  Pylon  
  117  8:01  Pylon  
  117  8:07  Probe  
  117  8:08  Probe  
  117  8:11  Shield Battery, Protoss Ground Weapons Level 2 (Chrono Boost)  
  117  8:12  Shield Battery, Probe  
  116  8:13  Pylon  
  116  8:14  Charge (Chrono Boost)  
  116  8:18  Gateway x2  
  116  8:21  Zealot x4  
  128  8:34  Immortal  
  128  8:43  High Templar x2  
  128  8:44  Zealot x2  
  136  8:48  Pylon  
  136  8:50  Archon  
  136  8:53  Gateway  
  136  8:55  Gateway  
  136  9:08  High Templar x2  
  140  9:11  Shield Battery, Photon Cannon  
  140  9:12  Zealot, Archon  
  140  9:13  Zealot  
  140  9:15  Shield Battery, Immortal, Photon Cannon  
  148  9:19  Zealot x2  
  152  9:25  Zealot x2  
  156  9:34  Stalker x2  
  158  9:40  Zealot x2  
  162  9:46  High Templar  
  162  9:47  High Templar  
  162  9:50  Pylon  
  162  9:51  Pylon  
  162  9:52  Archon  
  166  9:53  Pylon  
  166  9:58  Nexus  
  166  10:01  Pylon  
  166  10:06  Immortal (Chrono Boost)  
  170  10:14  High Templar, Probe  
  171  10:15  High Templar  
  171  10:19  Archon  
  175  10:28  Zealot x2  
  175  10:34  Zealot x6  
  191  10:40  Immortal (Chrono Boost)  
  193  10:49  Zealot x3  
  197  10:54  Zealot x2  
  175  11:08  Stalker x4  
  183  11:15  Zealot x2  
  183  11:16  Zealot  
  183  11:18  Probe  
  183  11:22  Zealot x2  
  180  11:30  Zealot  
  172  11:33  Probe  
  172  11:37  Probe  
  172  11:38  Probe  
Tags
 
Composition
Archon Immortal
Matchup
PvP
Player
CyanNice
Replay Pack
December 2023
Spawn Locations
Cross Positions
Add a new tag
Caveats
  • Supply blocks, unpowered buildings, or Contaminate may cause inaccurate times.
  • Supply counts are checked every 10 seconds.